 Dungeon Crawl Stone Soup version 0.27-a0-1312-g5cdb2b3542 (webtiles) character file.

Game seed: 2989871237961849553

14009 Delamore the Impaler (level 12, 0/86 HPs)
             Began as a Formicid Fighter on June 19, 2021.
             Was an Initiate of Gozag.
             Slain by a komodo dragon (15 damage)
             ... on level 11 of the Dungeon.
             The game lasted 00:16:36 (14956 turns).

Delamore the Impaler (Formicid Fighter)            Turns: 14956, Time: 00:16:36

Health: 0/86       AC: 20    Str: 26    XL:     12   Next: 39%
Magic:  12/12      EV:  6    Int:  8    God:    Gozag
Gold:   807        SH: 12    Dex: 10    Spells: 11/11 levels left

rFire    + . .     SeeInvis +   a - +3 trident (venom)
rCold    . . .     Faith    +   c - +1 kite shield
rNeg     . . .     Spirit   .   y - +2 plate armour {rF+}
rPois    .         Reflect  .   (helmet unavailable)
rElec    .         Harm     .   s - +0 cloak {Stlth+}
rCorr    +         Rampage  .   n - +0 pair of gloves
Will     +....                  (no boots)
Stlth    ..........             e - amulet of faith
HPRegen  0.24/turn              h - +4 ring of protection
MPRegen  0.13/turn              t - ring of resist corrosion

@: gold aura
A: permanent stasis, dig shafts and tunnels, antennae 3, four strong arms
a: Dig, Shaft Self, Renounce Religion, Potion Petition, Call Merchant, Bribe
Branch


You were on level 11 of the Dungeon.
You worshipped Gozag.
Gozag was pleased with you.
You visited 2 branches of the dungeon, and saw 12 of its levels.

You collected 982 gold pieces.
You spent 26 gold pieces at shops.
You paid 149 gold pieces to Gozag.

Inventory:

Hand Weapons
 a - a +3 trident of venom (weapon)
 f - the +11 bardiche of Tifeiq {vorpal, rN+}
   (You acquired it on level 2 of the Dungeon)

   It inflicts extra damage upon your enemies.
   It protects you from negative energy.
Missiles
 g - 4 javelins
 o - 2 atropa-tipped darts
 u - 6 poisoned darts (quivered)
 v - 2 throwing nets
 x - 19 boomerangs
Armour
 c - a +1 kite shield (worn)
 n - a +0 pair of gloves (worn)
 s - a +0 cloak of stealth (worn)
 y - a +2 plate armour of fire resistance (worn)
Jewellery
 e - an amulet of faith (around neck)
 h - a +4 ring of protection (left hand)
 p - a +6 ring of strength
 t - a ring of resist corrosion (right hand)
 z - a +6 ring of intelligence
 A - a ring of wizardry
 F - a ring of protection from cold
Wands
 w - a wand of polymorph (7)
 B - a wand of charming (11)
 G - a wand of digging (4)
Scrolls
 r - a scroll of brand weapon
 C - a scroll of torment
 D - a scroll of immolation
 H - 3 scrolls of fog
Potions
 d - 2 potions of might
 i - 2 potions of lignification
 j - 4 potions of curing
 k - 2 potions of heal wounds
 l - 3 potions of flight
 m - a potion of mutation
 q - 5 potions of brilliance
 I - a potion of degeneration


   Skills:
 - Level 5.0 Fighting
 * Level 15.9 Polearms
 - Level 5.0 Throwing
 - Level 5.0 Armour
 - Level 7.0 Shields
 + Level 3.8 Evocations


You had 11 spell levels left.
You didn't know any spells.
Your spell library contained the following spells:

 Spells                   Type           Power      Damage    Failure   Level
 Animate Skeleton         Necr           0%         N/A       100%        1
 Apportation              Tloc           0%         N/A       100%        1
 Corona                   Hex            0%         N/A       100%        1
 Summon Small Mammal      Summ           0%         N/A       100%        1


Dungeon Overview and Level Annotations

Branches:
Dungeon (11/15)            Temple (1/1) D:6
   Lair: D:8-11         Orc: D:9-12

Altars:
Ashenzari
Cheibriados
Dithmenos
Elyvilon
Fedhas
Gozag
Hepliaklqana
Kikubaaqudgha
Makhleb
Nemelex Xobeh
Okawaru
Qazlal
Ru
Sif Muna
Trog
Uskayaw
Vehumet
Wu Jian
Xom
Yredelemnul
Zin
The Shining One

Shops:
D:6 [   D:9 *

Annotations:
D:6 2 runed translucent doors


Innate Abilities, Weirdness & Mutations

You cannot be hasted, slowed, berserked, paralysed or teleported.
You can dig through walls and to a lower floor.
You have a pair of large antennae on your head. (SInv)
Your four strong arms can wield two-handed weapons with a shield.


Message History

You puncture the komodo dragon!
You kill the komodo dragon!
The komodo dragon bites you but does no damage.
You hit the komodo dragon but do no damage.
The komodo dragon is poisoned.
The komodo dragon bites you!
Your shield and plate armour prevent you from hitting the komodo dragon.
The komodo dragon is lightly wounded.
You hit the komodo dragon.
The komodo dragon looks as sick as possible!
The komodo dragon is lightly wounded.
The komodo dragon bites you!
You are too injured to fight recklessly!
You are too injured to fight recklessly!
You are too injured to fight recklessly!
You are too injured to fight recklessly!
You are too injured to fight recklessly!
You are too injured to fight recklessly!
You are too injured to fight recklessly!
You are too injured to fight recklessly!
You are too injured to fight recklessly!
You are too injured to fight recklessly!
A komodo dragon is nearby!
You puncture the komodo dragon!
The komodo dragon looks as sick as possible!
The komodo dragon is moderately wounded.
You block the komodo dragon's attack.
You hit the komodo dragon.
The komodo dragon looks as sick as possible!
The komodo dragon is moderately wounded.
You hit the komodo dragon.
The komodo dragon looks as sick as possible!
The komodo dragon is heavily wounded.
The komodo dragon bites you!!
* * * LOW HITPOINT WARNING * * *
You hit the komodo dragon but do no damage.
The komodo dragon looks as sick as possible!
The komodo dragon is heavily wounded.
The komodo dragon bites you!
You die...
Your body crumbles into a pile of gold.

#..# #..# #.#
#######..######.(##############.#
...).................(..........#
####..#######.........#########.#
#### ############## ###
##########.#..##.#
#.........###.#..## #
....###........#..##...# $ .##.#
###.......@l.....# #####
#.#####...$...... ###
#.##........ $ ..# ##...#... ###
.##..#. ## .## #


You could see a komodo dragon (extremely poisoned).

Vanquished Creatures
  A hydra (D:11)
  2 two-headed ogres
  Pikel (D:7)
  An ugly thing (D:11)
  3 gargoyles
  2 komodo dragons (D:11)
  3 trolls
  3 hornets
  Prince Ribbit (D:6)
  5 slime creatures
  Sigmund (D:3)
  A wraith (D:9)
  3 shadows
  A wyvern (D:11)
  4 yaks (D:10)
  4 steam dragons
  2 water moccasins
  Duvessa (D:5)
  3 orc warriors
  A hornet zombie (D:8)
  A sky beast (D:6)
  2 necrophages
  An ice beast (D:7)
  2 ogres
  5 centaurs
  A phantom (D:5)
  5 bullfrogs
  A kobold brigand (D:6)
  A wyvern zombie (D:8)
  A gnoll sergeant (D:8)
  3 scorpions
  Dowan (D:5)
  15 killer bees
  14 wights
  7 howler monkeys
  2 bullfrog zombies (D:6)
  2 centaur skeletons
  4 centaur zombies
  A jelly (D:6)
  2 hounds
  2 orc priests
  Crazy Yiuf (D:6)
  A bullfrog skeleton (D:6)
  2 iguanas
  7 orc wizards
  Terence (D:3)
  A howler monkey zombie (D:10)
  10 adders
  12 gnolls
  A shadow imp (D:7)
  A white imp (D:8)
  3 dart slugs
  22 orcs
  3 ball pythons
  6 endoplasms
  2 giant cockroaches
  6 goblins
  2 hobgoblins (D:2)
  6 jackals
  A quokka (D:2)
  5 bats
  4 frilled lizards
  6 kobolds
  2 rats (D:1)
221 creatures vanquished.

Vanquished Creatures (others)
  A killer bee (D:9)
1 creature vanquished.

Grand Total: 222 creatures vanquished

Notes
Turn   | Place    | Note
-------+----------+-------------------------------------------
     0 | D:1      | Delamore the Formicid Fighter began the quest for the Orb.
     0 | D:1      | Reached XP level 1. HP: 18/18 MP: 1/1
   111 | D:1      | Reached XP level 2. HP: 17/24 MP: 2/2
   256 | D:1      | Found a faded altar of an unknown god.
  1105 | D:1      | Reached XP level 3. HP: 30/30 MP: 3/3
  1131 | D:2      | Identified a scroll of acquirement
  1131 | D:2      | Acquired the +11 bardiche of Tifeiq {vorpal, rN+}
  1225 | D:2      | Reached skill level 3 in Polearms
  1761 | D:2      | Found a sparkling altar of Nemelex Xobeh.
  1835 | D:2      | Reached XP level 4. HP: 36/37 MP: 4/4
  1895 | D:3      | Noticed Terence
  1936 | D:3      | Killed Terence
  2086 | D:3      | Noticed Sigmund
  2288 | D:3      | Killed Sigmund
  2289 | D:3      | Reached skill level 5 in Fighting
  2289 | D:3      | Reached skill level 5 in Polearms
  2289 | D:3      | Reached XP level 5. HP: 34/44 MP: 5/5
  2289 | D:3      | Reached XP level 6. HP: 39/51 MP: 6/6
  2392 | D:3      | Found a snail-covered altar of Cheibriados.
  2392 | D:3      | Found a sparkling altar of Nemelex Xobeh.
  3275 | D:4      | Noticed a water moccasin
  3296 | D:3      | Killed a water moccasin
  3297 | D:3      | Reached skill level 6 in Polearms
  3297 | D:3      | Reached XP level 7. HP: 31/56 MP: 7/7
  3683 | D:4      | Reached skill level 7 in Polearms
  4020 | D:4      | Reached XP level 8. HP: 45/62 MP: 8/8
  4449 | D:4      | Identified the +6 mace of Modesty {freeze, rCorr Int+5}
  4486 | D:5      | Entered Level 5 of the Dungeon
  4500 | D:4      | Reached skill level 8 in Polearms
  4960 | D:5      | Found a stormy altar of Qazlal.
  5316 | D:6      | Found a large runed translucent door.
  5317 | D:6      | Found a large runed translucent door.
  5321 | D:6      | Reached skill level 9 in Polearms
  5330 | D:6      | Noticed a troll
  5332 | D:6      | Found a hazy altar of Hepliaklqana.
  5332 | D:6      | Noticed a hornet
  5412 | D:6      | Noticed Prince Ribbit
  5426 | D:6      | Killed Prince Ribbit
  5427 | D:6      | Reached skill level 10 in Polearms
  5427 | D:6      | Reached XP level 9. HP: 60/68 MP: 9/9
  5500 | D:6      | Noticed Duvessa
  5500 | D:6      | Noticed Dowan
  5799 | D:5      | Killed Duvessa
  5828 | D:5      | Killed Dowan
  6288 | D:6      | Reached skill level 11 in Polearms
  6853 | D:6      | Found Suiqecveg's Armour Boutique.
  7136 | D:6      | Reached skill level 12 in Polearms
  7185 | D:6      | Found a staircase to the Ecumenical Temple.
  7203 | Temple   | Entered the Ecumenical Temple
  7333 | D:6      | Found a large runed translucent door.
  7333 | D:6      | Found a large runed translucent door.
  7387 | D:6      | Reached XP level 10. HP: 61/74 MP: 10/10
  7584 | D:6      | Noticed a two-headed ogre
  7595 | D:6      | Killed a two-headed ogre
  7596 | D:6      | Reached skill level 13 in Polearms
  7868 | D:6      | Found a runed translucent door.
  7975 | D:6      | Noticed Crazy Yiuf
  8499 | D:6      | Killed Crazy Yiuf
  9049 | D:7      | Found a shimmering blue altar of Sif Muna.
  9075 | D:7      | Noticed Pikel
  9080 | D:7      | Noticed a gargoyle
  9099 | D:7      | Killed Pikel
  9100 | D:7      | Reached skill level 14 in Polearms
  9119 | D:7      | Killed a gargoyle
  9474 | D:7      | Found a basalt altar of Yredelemnul.
  9773 | D:7      | Found a radiant altar of Vehumet.
  9945 | D:8      | Reached XP level 11. HP: 79/79 MP: 11/11
 10200 | D:8      | Noticed a two-headed ogre
 10227 | D:8      | Killed a two-headed ogre
 10228 | D:8      | Reached skill level 1 in Throwing
 11171 | D:7      | Reached skill level 15 in Polearms
 11171 | D:7      | Reached skill level 5 in Shields
 11648 | D:9      | Found an opulent altar of Gozag.
 11656 | D:9      | Became a worshipper of Gozag Ym Sagoz the Greedy
 11721 | D:9      | Found Ziupn's Assorted Antiques.
 11725 | D:9      | Bought a scroll labelled TUERGH UD PATWO for 26 gold pieces
 11846 | D:9      | Reached skill level 5 in Armour
 12344 | D:10     | Entered Level 10 of the Dungeon
 12565 | D:10     | Reached skill level 1 in Evocations
 12678 | D:10     | Found a blossoming altar of Fedhas.
 13351 | D:10     | Reached XP level 12. HP: 86/86 MP: 12/12
 13925 | D:11     | Noticed a six-headed hydra
 13933 | D:11     | Killed a six-headed hydra
 14419 | D:11     | Found a stormy altar of Qazlal.
 14942 | D:11     | Reached skill level 5 in Throwing
 14956 | D:11     | Slain by a komodo dragon

Illustrated notes

Levels and vault maps discovered:
D:1:      beargit_arrival_greenhouse, layout_basic,
          chequers_ecumenical_altar_simple_redux, corexii_leaking_fountain
D:2:      layout_basic, basic_altar
D:3:      layout_basic, gammafunk_temple_overflow_elements, uniq_sigmund,
          uniq_terence
D:4:      layout_cave_pools
D:5:      layout_basic, lemuel_tele_altar
D:6:      layout_cave_pools, lemuel_crystal_altar, minmay_temple_entry_trees,
          serial_rivers, chequers_serial_rivers_micro_b,
          chequers_serial_rivers_small_3, chequers_serial_rivers_large_a,
          chequers_serial_rivers_micro_b, serial_shops, kennysheep_little_box,
          minmay_hollow_rounded_squares, uniq_duvessa, uniq_prince_ribbit1,
          uniq_crazy_yiuf_cottage
D:7:      layout_rooms, lemuel_round_altar, lemuel_crystal_altar,
          overflow_temple_1_default, dk_noncrumbling_2, hex_tiny, uniq_pikel
D:8:      layout_loops_ring
D:9:      layout_rooms, nicolae_overflow_hidden_temple, serial_shops, shop
D:10:     layout_roguey, fedhas_altar_1, roderic_roman_lattice
D:11:     layout_long_grid, erik_lair_dragon, nicolae_qazlal_eye_of_the_storm
Temple:   nicolae_temple_god_jail

Skill      XL: |  1  2  3  4  5  6  7  8  9 10 11 12 |
---------------+-------------------------------------+-----
Polearms       | 3 5 6 7 10 12 14 15 | 15.9
Fighting       | 5 |  5.0
Throwing       | 4 5 |  5.0
Armour         | 5 |  5.0
Shields        | 6 7 |  7.0
Evocations     | 2 3 |  3.8

Action                   |  1- 3 |  4- 6 |  7- 9 | 10-12 || total
-------------------------+-------+-------+-------+-------++-------
Melee: Trident           |   128 |   108 |   431 |   655 ||  1322
       Bardiche          |       |       |       |     8 ||     8
Throw: Javelin           |       |       |     6 |       ||     6
       Dart              |       |       |       |     7 ||     7
 Abil: Dig               |       |     1 |     4 |     6 ||    11
Evoke: Wand              |       |       |     2 |    13 ||    15
  Use: Scroll            |     2 |     1 |    14 |     6 ||    23
       Potion            |       |       |     4 |     5 ||     9
 Stab: Distracted        |       |       |       |     2 ||     2
       Paralysed         |       |       |       |     7 ||     7
Armor: Scale mail        |    40 |       |   171 |    36 ||   247
       Chain mail        |    11 |    35 |     4 |       ||    50
       Plate armour      |       |       |       |   201 ||   201
Dodge: Dodged            |    47 |    28 |   110 |    93 ||   278
Block: Kite shield       |    63 |    42 |   198 |   257 ||   560

Table legend: (Time is in decaauts)
 A = Elapsed time spent in this place.
 B = Non-inter-level travel time spent in this place.
 C = Inter-level travel time spent in this place.
 D = Time resting spent in this place.
 E = Time spent auto-exploring this place.
 F = Levels seen in this place.
 G = Mean time per level.
                   A        B        C        D        E       F      G
               +--------+--------+--------+--------+--------+-----+--------+
         Total |  14896 |  14079 |    817 |   3912 |   7888 |  12 | 1241.3 |
       Dungeon |  14843 |  14039 |    804 |   3912 |   7849 |  11 | 1349.4 |
        Temple |     53 |     40 |     13 |      0 |     39 |   1 |   53.0 |
               +--------+--------+--------+--------+--------+-----+--------+

Top non-repeatable levels by time:
     D:6: 2830 daAuts
     D:3: 1576 daAuts
     D:5: 1517 daAuts
     D:8: 1445 daAuts
    D:10: 1342 daAuts
     D:7: 1205 daAuts
     D:1: 1157 daAuts
    D:11: 1030 daAuts
     D:4: 1000 daAuts
     D:2: 925 daAuts
     D:9: 811 daAuts
  Temple: 53 daAuts
